Diablos vs Ice Dragons
Created - March 21, 2019 at 19:09
Goals
|
| Diablos |
2 |
2 |
0 |
1 |
5 |
| Ice Dragons |
0 |
3 |
1 |
0 |
4 |
|
Shots
|
| Diablos |
16 |
13 |
3 |
1 |
33 |
| Ice Dragons |
9 |
14 |
4 |
4 |
31 |
|
1st period
1. Diablos , Jason Akeson 31 (Lars Eller 61, Cameron Gaunce 31) at 6:30
2. Diablos , Tyler Pitlick 15 (Brian Dumoulin 24, Peter Holland 16) at 12:08
Penalties :
Matt Corrente (Kin) for Hooking (Minor) at 6:33, Brian Boyle (Kin) for Roughing (Minor) at 14:24, Nick Spaling (Don) for Hooking (Minor) at 15:23
2nd period
3. Ice Dragons , Brandon Kozun 24 (Brian Boyle 19) at 4:32
4. Ice Dragons , Matt Corrente 7 (Luke Adam 21, Alec Martinez 15) at 6:46 (PP)
5. Ice Dragons , Matt Corrente 8 (Brian Boyle 20, Alec Martinez 16) at 11:33 (PP)
6. Diablos , Peter Holland 20 (Andrei Mironov 5) at 15:29 (SH)
7. Diablos , Corey Trivino 21 (Jordan Szwarz 25, Bryan Bickell 22) at 18:46
Penalties :
Corey Trivino (Don) for Hooking (Minor) at 1:19, Matt Corrente (Kin) for Tripping (Minor) at 1:29, Cameron Gaunce (Don) for Hooking (Minor) at 4:54, Danny Kristo (Don) for Hooking (Minor) at 10:59, Marek Zagrapan (Don) for Hooking (Minor) at 13:40, Logan MacMillan (Kin) for Roughing (Minor) at 18:58
3rd period
8. Ice Dragons , Brian Boyle 15 (Sam Carrick 12) at 1:44
Penalties :
No Penalty
Overtime #1
9. Diablos , Lars Eller 31 (Jordan Szwarz 26) at 1:00
Penalties :
No Penalty
Goalie Stats
Andrew Hammond (Don), 27 saves from 31 shots - (0.871), W, 18-14-4, 61:00 minutes
Anders Nilsson (Kin), 28 saves from 33 shots - (0.848), OTL, 11-27-1, 61:00 minutes
Players Stats for Diablos
Player Name G A P +/- PIM S H SB GA TA FO MP PP MP PK MP
------------------------------------------------------------------------------------
Alex Petrovic 0 0 0 2 0 2 1 3 0 1 0/0 24:29 2:27 3:21
Andrei Mironov 0 1 1 0 0 0 0 1 0 0 0/0 11:57 0:00 1:56
Brian Dumoulin 0 1 1 1 0 0 4 1 1 2 0/0 22:36 2:40 0:17
Bryan Bickell 0 1 1 0 0 2 2 0 0 1 0/2 16:44 2:01 1:23
Cameron Gaunce 0 1 1 2 2 0 1 2 0 0 0/0 28:15 2:40 2:18
Corey Trivino 1 0 1 -1 2 2 0 0 1 0 8/22 18:51 2:11 3:13
Danny Kristo 0 0 0 0 2 0 1 0 1 0 0/0 8:24 0:00 0:00
Jason Akeson 1 0 1 1 0 8 2 0 1 0 1/1 22:45 3:06 1:09
Jiri Sekac 0 0 0 0 0 0 0 0 0 0 0/0 9:39 0:00 0:15
Jordan Szwarz 0 2 2 0 0 6 1 1 1 0 1/2 15:49 2:01 0:00
Lars Eller 1 1 2 2 0 3 1 1 3 0 9/20 21:05 2:56 1:09
Marek Zagrapan 0 0 0 0 2 2 1 0 2 0 3/6 12:40 0:10 0:00
Nick Spaling 0 0 0 1 2 3 1 0 1 1 1/2 22:48 2:55 2:47
Peter Holland 1 1 2 2 0 1 1 0 0 0 2/5 9:55 0:00 1:12
Philip Larsen 0 0 0 1 0 1 2 0 1 1 0/0 18:48 2:27 1:03
Sergey Tolchinsky 0 0 0 1 0 0 1 1 0 0 0/1 7:19 0:00 0:00
Tyler Lewington 0 0 0 0 0 0 1 0 0 0 0/0 12:25 0:00 2:13
Tyler Pitlick 1 0 1 1 0 3 0 0 1 0 1/2 8:15 0:00 0:00
Players Stats for Ice Dragons
Player Name G A P +/- PIM S H SB GA TA FO MP PP MP PK MP
------------------------------------------------------------------------------------
Alec Martinez 0 2 2 -1 0 2 2 1 1 4 0/0 27:51 3:56 3:33
Brandon Kozun 1 0 1 0 0 2 1 1 1 0 2/5 19:14 2:53 0:00
Brayden McNabb 0 0 0 -3 0 0 2 2 0 2 0/0 21:52 1:38 1:31
Brian Boyle 1 2 3 1 2 4 0 0 2 0 24/36 25:22 2:57 2:57
Chris Wagner 0 0 0 0 0 2 1 0 0 0 0/0 8:34 0:00 0:00
David Rundblad 0 0 0 -3 0 1 1 2 1 2 0/0 21:31 1:38 1:31
Dmitri Orlov 0 0 0 0 0 0 0 0 0 1 0/0 5:12 0:00 0:03
Emil Pettersson 0 0 0 0 0 0 0 0 0 0 2/3 5:09 0:00 0:00
Justin Shugg 0 0 0 -3 0 0 1 0 0 0 0/0 16:28 2:37 0:00
Kevin Connauton 0 0 0 1 0 0 0 0 1 0 0/0 11:06 0:00 1:23
Logan MacMillan 0 0 0 -1 2 0 2 0 0 1 0/1 21:34 2:53 0:53
Luke Adam 0 1 1 -3 0 3 2 0 0 0 5/12 21:49 2:37 3:23
Matt Corrente 2 0 2 -1 4 5 1 1 0 0 0/0 24:16 3:55 2:06
Michael Chaput 0 0 0 -1 0 5 1 1 0 1 2/4 13:22 0:04 1:43
Michael Ferland 0 0 0 0 0 2 1 0 0 0 0/0 12:11 0:04 1:15
Michael Stone 0 0 0 1 0 1 0 2 0 2 0/0 10:30 0:00 0:07
Sam Carrick 0 1 1 1 0 0 1 0 0 0 2/2 6:31 0:00 0:00
Thomas Gobeil 0 0 0 1 0 0 0 0 0 0 0/0 5:46 0:00 0:00
William Carrier 0 0 0 -3 0 4 1 2 0 0 0/0 16:34 2:37 0:03
3 Stars
1 - Lars Eller (Don)
2 - Peter Holland (Don)
3 - Brian Boyle (Kin)
Power Play
Diablos - 0 on 4 Attempt(s) - 0.00%
Ice Dragons - 2 on 5 Attempt(s) - 40.00%
Penalty Kill
Diablos - 3 on 5 Attempt(s) - 60.00%
- Score 1 goal in Penalty Kill
Ice Dragons - 4 on 4 Attempt(s) - 100.00%
- Score 0 goal in Penalty Kill
Team Stat
Diablos - Hits : 20 - Faceoff Wins : 26 - Blocked Shots : 10 - Penalty Minutes : 10
Ice Dragons - Hits : 17 - Faceoff Wins : 37 - Blocked Shots : 12 - Penalty Minutes : 8
Official
Referees : Unknown
Linesman : Unknown
Game Notes
No Game Note
Finance
Level 1 -- Attendance: 1435 (71.75%) -- Ticket Income $57,400
Level 2 -- Attendance: 740 (74.00%) -- Ticket Income $14,800
Total Attendance: 2175 (72.50%)
Total Ticket Income: $72,200
Other Income: $3,610
Total Income: $75,810
Diablos
5 vs 5 Forward
Center Left Wing Right Wing Time % Phy DF OF
1 Lars Eller Nick Spaling Jason Akeson 40 0 1 4
2 Corey Trivino Bryan Bickell Jordan Szwarz 30 0 1 4
3 Marek Zagrapan Jiri Sekac Danny Kristo 20 0 2 3
4 Peter Holland Sergey Tolchinsky Tyler Pitlick 10 1 3 1
5 vs 5 Defense
Defense Defense Time % Phy DF OF
1 Cameron Gaunce Brian Dumoulin 40 0 3 2
2 Alex Petrovic Philip Larsen 30 0 3 2
3 Tyler Lewington Andrei Mironov 20 0 3 2
4 Cameron Gaunce Alex Petrovic 10 0 3 2
PowerPlay Forward
Center Left Wing Right Wing Time % Phy DF OF
1 Lars Eller Nick Spaling Jason Akeson 60 0 0 5
2 Corey Trivino Bryan Bickell Jordan Szwarz 40 0 0 5
PowerPlay Defense
Defense Defense Time % Phy DF OF
1 Cameron Gaunce Brian Dumoulin 60 0 1 4
2 Philip Larsen Alex Petrovic 40 0 1 4
Penalty Kill 4 Players Forward
Center Wing Time % Phy DF OF
1 Corey Trivino Nick Spaling 60 0 5 0
2 Lars Eller Jason Akeson 40 0 5 0
Penalty Kill 4 Players Defense
Defense Defense Time % Phy DF OF
1 Cameron Gaunce Alex Petrovic 60 0 5 0
2 Tyler Lewington Andrei Mironov 40 0 5 0
Penalty Kill - 3 Players Forward
Forward Time % Phy DF OF
1 Peter Holland 60 0 5 0
2 Lars Eller 40 0 5 0
Penalty Kill - 3 Players Defense
Defense Defense Time % Phy DF OF
1 Cameron Gaunce Alex Petrovic 60 0 5 0
2 Tyler Lewington Brian Dumoulin 40 0 5 0
4 vs 4 Forward
Center Wing Time % Phy DF OF
1 Marek Zagrapan Jason Akeson 60 0 2 3
2 Lars Eller Jordan Szwarz 40 0 2 3
4 vs 4 Defense
Defense Defense Time % Phy DF OF
1 Cameron Gaunce Alex Petrovic 60 0 2 3
2 Philip Larsen Alex Petrovic 40 0 2 3
Last Minutes Offensive
Center Left Wing Right Wing Defense Defense
Lars Eller Nick Spaling Jason Akeson Cameron Gaunce Alex Petrovic
Last Minutes Defensive
Center Left Wing Right Wing Defense Defense
Lars Eller Nick Spaling Jordan Szwarz Cameron Gaunce Alex Petrovic
Goaltenders
Starting : Andrew Hammond
Backup : Joni Ortio
Extra Forwards
Normal : Jordan Szwarz, Marek Zagrapan, Jason Akeson - PP : Jordan Szwarz, Jason Akeson - PK : Nick Spaling
Extra Defensemen
Normal : Brian Dumoulin, Philip Larsen, Alex Petrovic - PP : Brian Dumoulin - PK : Philip Larsen, Alex Petrovic
Penalty Shots
Nick Spaling, Jordan Szwarz, Lars Eller, Jiri Sekac, Bryan Bickell
Scratches
Viktor Loov (Healthy), Tobias Lindberg (Healthy), Andrey Pedan (Healthy), Nikita Nesterov (Healthy), Charles Hudon (Healthy)
Barclay Goodrow (Healthy), David Musil (Healthy), Darcy Kuemper (Healthy), Kristers Gudlevskis (Healthy)
Ice Dragons
5 vs 5 Forward
Center Left Wing Right Wing Time % Phy DF OF
1 Brian Boyle Logan MacMillan Brandon Kozun 40 1 2 2
2 Luke Adam William Carrier Justin Shugg 30 1 2 2
3 Michael Chaput Michael Ferland Chris Wagner 20 1 2 2
4 Sam Carrick Brian Boyle Thomas Gobeil 10 1 2 2
5 vs 5 Defense
Defense Defense Time % Phy DF OF
1 Alec Martinez Matt Corrente 40 1 2 2
2 David Rundblad Brayden McNabb 30 1 2 2
3 Michael Stone Kevin Connauton 20 1 2 2
4 Dmitri Orlov Alec Martinez 10 1 2 2
PowerPlay Forward
Center Left Wing Right Wing Time % Phy DF OF
1 Brian Boyle Logan MacMillan Brandon Kozun 60 1 2 2
2 Luke Adam William Carrier Justin Shugg 40 1 2 2
PowerPlay Defense
Defense Defense Time % Phy DF OF
1 Alec Martinez Matt Corrente 60 1 2 2
2 David Rundblad Brayden McNabb 40 1 2 2
Penalty Kill 4 Players Forward
Center Wing Time % Phy DF OF
1 Brian Boyle Luke Adam 60 1 2 2
2 Michael Chaput Logan MacMillan 40 1 2 2
Penalty Kill 4 Players Defense
Defense Defense Time % Phy DF OF
1 Alec Martinez Matt Corrente 60 1 2 2
2 David Rundblad Brayden McNabb 40 1 2 2
Penalty Kill - 3 Players Forward
Forward Time % Phy DF OF
1 Brian Boyle 60 1 2 2
2 Luke Adam 40 1 2 2
Penalty Kill - 3 Players Defense
Defense Defense Time % Phy DF OF
1 Alec Martinez Matt Corrente 60 1 2 2
2 David Rundblad Brayden McNabb 40 1 2 2
4 vs 4 Forward
Center Wing Time % Phy DF OF
1 Brian Boyle Luke Adam 60 1 2 2
2 Michael Chaput Logan MacMillan 40 1 2 2
4 vs 4 Defense
Defense Defense Time % Phy DF OF
1 Alec Martinez Matt Corrente 60 1 2 2
2 David Rundblad Brayden McNabb 40 1 2 2
Last Minutes Offensive
Center Left Wing Right Wing Defense Defense
Brian Boyle Logan MacMillan Brandon Kozun Alec Martinez Matt Corrente
Last Minutes Defensive
Center Left Wing Right Wing Defense Defense
Brian Boyle Logan MacMillan Brandon Kozun Alec Martinez Matt Corrente
Goaltenders
Starting : Anders Nilsson
Backup : Harru Sateri
Extra Forwards
Normal : Emil Pettersson, Sam Carrick, Michael Ferland - PP : Emil Pettersson, Sam Carrick - PK : Michael Ferland
Extra Defensemen
Normal : Michael Stone, Kevin Connauton, Dmitri Orlov - PP : Michael Stone - PK : Kevin Connauton, Dmitri Orlov
Penalty Shots
Brian Boyle, Luke Adam, Michael Chaput, Logan MacMillan, Brandon Kozun
Scratches
Theodor Blueger (Healthy), Alex Henriksson (Healthy), Cole Ully (Healthy), Christian Djoos (Healthy), Alex Plante (Healthy)
Samuel Groulx (Healthy), Oscar Dansk (Healthy)
% Time on Ice - Diablos
Lines # - Real PCT - Wanted PCT - Time Play
Normal Forward
1 - 39% - 40% - 18:02
2 - 33% - 30% - 15:17
3 - 16% - 20% - 7:31
4 - 12% - 10% - 5:40
Normal Defense
1 - 42% - 40% - 19:24
2 - 31% - 30% - 14:36
3 - 23% - 20% - 10:52
4 - 4% - 10% - 1:38
PP Forward
1 - 61% - 60% - 3:06
2 - 39% - 40% - 2:01
PP Defense
1 - 52% - 60% - 2:40
2 - 48% - 40% - 2:27
PK Forward
1 - 79% - 60% - 4:25
2 - 21% - 40% - 1:09
PK Defense
1 - 65% - 60% - 3:38
2 - 35% - 40% - 1:56
PK3 Forward
1 - 0% - 60%
2 - 0% - 40%
PK3 Defense
1 - 0% - 60%
2 - 0% - 40%
44 Forward
1 - 81% - 60% - 3:05
2 - 19% - 40% - 0:44
44 Defense
1 - 59% - 60% - 2:16
2 - 41% - 40% - 1:33
Last Minute Offensive - 0:00
Last Minute Defensive - 0:00
Total
Forward - 61:00
Defense - 61:00
|
% Time on Ice - Ice Dragons
Lines # - Real PCT - Wanted PCT - Time Play
Normal Forward
1 - 36% - 40% - 16:41
2 - 38% - 30% - 17:43
3 - 21% - 20% - 9:38
4 - 5% - 10% - 2:28
Normal Defense
1 - 37% - 40% - 17:16
2 - 36% - 30% - 16:32
3 - 19% - 20% - 8:56
4 - 8% - 10% - 3:46
PP Forward
1 - 53% - 60% - 2:57
2 - 47% - 40% - 2:37
PP Defense
1 - 71% - 60% - 3:56
2 - 29% - 40% - 1:38
PK Forward
1 - 77% - 60% - 3:56
2 - 23% - 40% - 1:11
PK Defense
1 - 70% - 60% - 3:36
2 - 30% - 40% - 1:31
PK3 Forward
1 - 0% - 60%
2 - 0% - 40%
PK3 Defense
1 - 0% - 60%
2 - 0% - 40%
44 Forward
1 - 78% - 60% - 2:59
2 - 22% - 40% - 0:50
44 Defense
1 - 52% - 60% - 1:59
2 - 48% - 40% - 1:50
Last Minute Offensive - 0:00
Last Minute Defensive - 0:00
Total
Forward - 61:00
Defense - 61:00
|
Play-by-Play
1st period
0:01 of 1st period - Lars Eller wins face-off versus Brandon Kozun in neutral zone.
0:16 of 1st period - Snap shot by Nick Spaling.
0:16 of 1st period - Shot Misses the Net.
0:54 of 1st period - Philip Larsen is hit by Brayden McNabb and loses puck.
1:19 of 1st period - Wrist shot by Brian Boyle.
1:19 of 1st period - Shot Misses the Net.
1:39 of 1st period - Snap shot by Lars Eller.
1:39 of 1st period - Shot Blocked by Michael Stone.
2:07 of 1st period - Snap shot by Brian Boyle.
2:07 of 1st period - Shot Blocked by Andrei Mironov.
2:09 of 1st period - Slapshot by Michael Stone.
2:09 of 1st period - Shot Blocked by Jordan Szwarz.
2:11 of 1st period - Slapshot by Michael Stone.
2:11 of 1st period - Shot Misses the Net.
3:21 of 1st period - Wrist shot by William Carrier.
3:21 of 1st period - Stopped by Andrew Hammond with a rebound.
3:33 of 1st period - Snap shot by David Rundblad.
3:33 of 1st period - Deflect By Brian Boyle.
3:33 of 1st period - Shot Blocked by Sergey Tolchinsky.
3:33 of 1st period - Puck is out of play.
3:34 of 1st period - Sam Carrick wins face-off versus Lars Eller in Diablos zone.
3:39 of 1st period - Snap shot by Brian Boyle.
3:39 of 1st period - Deflect By Thomas Gobeil.
3:39 of 1st period - Shot Blocked by Alex Petrovic.
3:39 of 1st period - Puck is out of play.
3:40 of 1st period - Luke Adam wins face-off versus Lars Eller in Diablos zone.
5:06 of 1st period - Nick Spaling is hit by David Rundblad and loses puck.
5:32 of 1st period - Slapshot by David Rundblad.
5:32 of 1st period - Shot Blocked by Cameron Gaunce.
6:16 of 1st period - Slapshot by Lars Eller.
6:16 of 1st period - Stopped by Anders Nilsson with a rebound.
6:18 of 1st period - Snap shot by Lars Eller.
6:18 of 1st period - Stopped by Anders Nilsson with a rebound.
6:20 of 1st period - Snap shot by Nick Spaling.
6:20 of 1st period - Shot Blocked by Brayden McNabb.
6:30 of 1st period - Snap shot by Jason Akeson.
6:30 of 1st period - Goal by Jason Akeson - Diablos : 1 - Ice Dragons : 0.
6:31 of 1st period - Brian Boyle wins face-off versus Corey Trivino in neutral zone.
6:33 of 1st period - Minor Penalty to Matt Corrente for Hooking.
6:34 of 1st period - Jordan Szwarz wins face-off versus Brian Boyle in Ice Dragons zone.
6:42 of 1st period - Snap shot by Bryan Bickell.
6:42 of 1st period - Stopped by Anders Nilsson without a rebound.
6:43 of 1st period - Brian Boyle wins face-off versus Jordan Szwarz in Ice Dragons zone.
7:41 of 1st period - Snap shot by Jordan Szwarz.
7:41 of 1st period - Stopped by Anders Nilsson without a rebound.
7:42 of 1st period - Lars Eller wins face-off versus Brian Boyle in Ice Dragons zone.
8:09 of 1st period - Lars Eller is hit by Alec Martinez and loses puck.
8:16 of 1st period - Snap shot by Michael Chaput.
8:16 of 1st period - Shot Misses the Net.
8:33 of 1st period - Penalty to Matt Corrente is over, Matt Corrente is back on ice.
9:40 of 1st period - Slapshot by Tyler Pitlick.
9:40 of 1st period - Stopped by Anders Nilsson without a rebound.
9:41 of 1st period - Brian Boyle wins face-off versus Bryan Bickell in Ice Dragons zone.
9:46 of 1st period - Andrei Mironov is hit by Logan MacMillan and loses puck.
10:06 of 1st period - Nick Spaling is hit by Brayden McNabb.
10:16 of 1st period - Wrist shot by Nick Spaling.
10:16 of 1st period - Stopped by Anders Nilsson with a rebound.
10:30 of 1st period - Wrist shot by Marek Zagrapan.
10:30 of 1st period - Shot Misses the Net.
10:32 of 1st period - Slapshot by Danny Kristo.
10:32 of 1st period - Shot Blocked by William Carrier.
10:34 of 1st period - Wrist shot by Andrei Mironov.
10:34 of 1st period - Shot Blocked by Brayden McNabb.
10:36 of 1st period - Wrist shot by Marek Zagrapan.
10:36 of 1st period - Stopped by Anders Nilsson with a rebound.
10:53 of 1st period - David Rundblad is hit by Brian Dumoulin and loses puck.
11:11 of 1st period - Off-side.
11:12 of 1st period - Brian Boyle wins face-off versus Peter Holland in neutral zone.
11:15 of 1st period - Slapshot by Matt Corrente.
11:15 of 1st period - Deflect By Logan MacMillan.
11:15 of 1st period - Shot Misses the Net.
11:15 of 1st period - Puck is out of play.
11:16 of 1st period - Brian Boyle wins face-off versus Sergey Tolchinsky in Diablos zone.
12:04 of 1st period - Slapshot by Tyler Pitlick.
12:04 of 1st period - Stopped by Anders Nilsson with a rebound.
12:06 of 1st period - Slapshot by Brian Dumoulin.
12:06 of 1st period - Shot Blocked by Matt Corrente.
12:08 of 1st period - Slapshot by Tyler Pitlick.
12:08 of 1st period - Goal by Tyler Pitlick - Diablos : 2 - Ice Dragons : 0.
12:09 of 1st period - Michael Chaput wins face-off versus Corey Trivino in neutral zone.
12:44 of 1st period - Icing by Luke Adam.
12:45 of 1st period - Corey Trivino wins face-off versus Luke Adam in Ice Dragons zone.
12:46 of 1st period - Snap shot by Jordan Szwarz.
12:46 of 1st period - Stopped by Anders Nilsson without a rebound.
12:47 of 1st period - Brian Boyle wins face-off versus Corey Trivino in Ice Dragons zone.
13:12 of 1st period - Brian Dumoulin is hit by Luke Adam and loses puck.
13:23 of 1st period - Slapshot by William Carrier.
13:23 of 1st period - Stopped by Andrew Hammond without a rebound.
13:24 of 1st period - Brian Boyle wins face-off versus Lars Eller in Diablos zone.
13:59 of 1st period - Slapshot by Danny Kristo.
13:59 of 1st period - Shot Blocked by Michael Chaput.
14:01 of 1st period - Slapshot by Alex Petrovic.
14:01 of 1st period - Stopped by Anders Nilsson without a rebound.
14:02 of 1st period - Brandon Kozun wins face-off versus Corey Trivino in Ice Dragons zone.
14:16 of 1st period - Snap shot by Corey Trivino.
14:16 of 1st period - Stopped by Anders Nilsson with a rebound.
14:18 of 1st period - Snap shot by Bryan Bickell.
14:18 of 1st period - Stopped by Anders Nilsson with a rebound.
14:24 of 1st period - Minor Penalty to Brian Boyle for Roughing.
14:25 of 1st period - Lars Eller wins face-off versus Luke Adam in Ice Dragons zone.
15:23 of 1st period - Minor Penalty to Nick Spaling for Hooking.
15:24 of 1st period - Marek Zagrapan wins face-off versus Emil Pettersson in Diablos zone.
16:17 of 1st period - Slapshot by Philip Larsen.
16:17 of 1st period - Stopped by Anders Nilsson without a rebound.
16:18 of 1st period - Peter Holland wins face-off versus Michael Chaput in Ice Dragons zone.
16:24 of 1st period - Penalty to Brian Boyle is over, Brian Boyle is back on ice.
16:27 of 1st period - Snap shot by Alec Martinez.
16:27 of 1st period - Stopped by Andrew Hammond without a rebound.
16:28 of 1st period - Corey Trivino wins face-off versus Brandon Kozun in Diablos zone.
16:35 of 1st period - Logan MacMillan is hit by Bryan Bickell and loses puck.
17:17 of 1st period - Off-side.
17:18 of 1st period - Peter Holland wins face-off versus Brian Boyle in neutral zone.
17:23 of 1st period - Penalty to Nick Spaling is over, Nick Spaling is back on ice.
17:38 of 1st period - Off-side.
17:39 of 1st period - Michael Chaput wins face-off versus Lars Eller in neutral zone.
17:48 of 1st period - Snap shot by Matt Corrente.
17:48 of 1st period - Shot Misses the Net.
18:04 of 1st period - Alec Martinez is hit by Marek Zagrapan and loses puck.
18:11 of 1st period - Snap shot by Michael Chaput.
18:11 of 1st period - Deflect By Chris Wagner.
18:11 of 1st period - Stopped by Andrew Hammond with a rebound.
18:17 of 1st period - Wrist shot by Michael Chaput.
18:17 of 1st period - Shot Misses the Net.
18:19 of 1st period - Slapshot by Michael Ferland.
18:19 of 1st period - Stopped by Andrew Hammond with a rebound.
18:35 of 1st period - Snap shot by Michael Chaput.
18:35 of 1st period - Stopped by Andrew Hammond with a rebound.
18:37 of 1st period - Snap shot by Michael Ferland.
18:37 of 1st period - Stopped by Andrew Hammond without a rebound.
18:38 of 1st period - Brian Boyle wins face-off versus Lars Eller in Diablos zone.
18:39 of 1st period - Snap shot by Brandon Kozun.
18:39 of 1st period - Shot Blocked by Cameron Gaunce.
19:11 of 1st period - Snap shot by Jordan Szwarz.
19:11 of 1st period - Stopped by Anders Nilsson without a rebound.
19:12 of 1st period - Lars Eller wins face-off versus Brian Boyle in Ice Dragons zone.
19:25 of 1st period - Snap shot by Brian Boyle.
19:25 of 1st period - Shot Blocked by Lars Eller.
19:27 of 1st period - Slapshot by Matt Corrente.
19:27 of 1st period - Stopped by Andrew Hammond with a rebound.
19:46 of 1st period - Backhand shot by William Carrier.
19:46 of 1st period - Stopped by Andrew Hammond with a rebound.
19:56 of 1st period - Wrist shot by Jordan Szwarz.
19:56 of 1st period - Shot Blocked by Michael Stone.
19:58 of 1st period - Wrist shot by Alex Petrovic.
19:58 of 1st period - Shot Misses the Net.
Goals for this period are 2 for Diablos vs 0 for Ice Dragons.
Shots for this period are 16 for Diablos vs 9 for Ice Dragons.
2nd period
0:01 of 2nd period - Lars Eller wins face-off versus Brian Boyle in neutral zone.
0:06 of 2nd period - Snap shot by Jason Akeson.
0:06 of 2nd period - Stopped by Anders Nilsson with a rebound.
0:08 of 2nd period - Slapshot by Cameron Gaunce.
0:08 of 2nd period - Deflect By Nick Spaling.
0:08 of 2nd period - Shot Misses the Net.
0:08 of 2nd period - Puck is out of play.
0:09 of 2nd period - Lars Eller wins face-off versus Brandon Kozun in Ice Dragons zone.
0:22 of 2nd period - Slapshot by Lars Eller.
0:22 of 2nd period - Shot Misses the Net.
0:24 of 2nd period - Wrist shot by Jason Akeson.
0:24 of 2nd period - Shot Misses the Net.
0:32 of 2nd period - Brandon Kozun is hit by Lars Eller and loses puck.
0:47 of 2nd period - Slapshot by Jason Akeson.
0:47 of 2nd period - Stopped by Anders Nilsson with a rebound.
0:49 of 2nd period - Wrist shot by Nick Spaling.
0:49 of 2nd period - Shot Misses the Net.
0:51 of 2nd period - Snap shot by Nick Spaling.
0:51 of 2nd period - Shot Misses the Net.
0:53 of 2nd period - Snap shot by Jason Akeson.
0:53 of 2nd period - Stopped by Anders Nilsson with a rebound.
0:55 of 2nd period - Snap shot by Jason Akeson.
0:55 of 2nd period - Stopped by Anders Nilsson with a rebound.
0:57 of 2nd period - Slapshot by Brian Dumoulin.
0:57 of 2nd period - Deflect By Jason Akeson.
0:57 of 2nd period - Stopped by Anders Nilsson without a rebound.
0:58 of 2nd period - Corey Trivino wins face-off versus Luke Adam in Ice Dragons zone.
1:01 of 2nd period - Wrist shot by Corey Trivino.
1:01 of 2nd period - Shot Misses the Net.
1:10 of 2nd period - Brayden McNabb is hit by Philip Larsen and loses puck.
1:19 of 2nd period - Minor Penalty to Corey Trivino for Hooking.
1:20 of 2nd period - Brian Boyle wins face-off versus Nick Spaling in Diablos zone.
1:29 of 2nd period - Minor Penalty to Matt Corrente for Tripping.
1:30 of 2nd period - Brian Boyle wins face-off versus Marek Zagrapan in Ice Dragons zone.
1:37 of 2nd period - Wrist shot by Alec Martinez.
1:37 of 2nd period - Shot Misses the Net.
2:57 of 2nd period - Wrist shot by Peter Holland.
2:57 of 2nd period - Shot Misses the Net.
3:19 of 2nd period - Penalty to Corey Trivino is over, Corey Trivino is back on ice.
3:19 of 2nd period - Jason Akeson is hit by Michael Chaput and loses puck.
3:29 of 2nd period - Penalty to Matt Corrente is over, Matt Corrente is back on ice.
3:39 of 2nd period - Snap shot by Michael Chaput.
3:39 of 2nd period - Stopped by Andrew Hammond with a rebound.
3:41 of 2nd period - Wrist shot by Michael Chaput.
3:41 of 2nd period - Stopped by Andrew Hammond with a rebound.
3:47 of 2nd period - Backhand shot by Michael Chaput.
3:47 of 2nd period - Stopped by Andrew Hammond without a rebound.
3:48 of 2nd period - Luke Adam wins face-off versus Peter Holland in Diablos zone.
4:30 of 2nd period - Snap shot by Michael Stone.
4:30 of 2nd period - Stopped by Andrew Hammond without a rebound.
4:31 of 2nd period - Brian Boyle wins face-off versus Corey Trivino in Diablos zone.
4:32 of 2nd period - Wrist shot by Brandon Kozun.
4:32 of 2nd period - Goal by Brandon Kozun - Diablos : 2 - Ice Dragons : 1.
4:33 of 2nd period - Brandon Kozun wins face-off versus Corey Trivino in neutral zone.
4:44 of 2nd period - Slapshot by Matt Corrente.
4:44 of 2nd period - Shot Blocked by Brian Dumoulin.
4:46 of 2nd period - Slapshot by Logan MacMillan.
4:46 of 2nd period - Shot Misses the Net.
4:54 of 2nd period - Minor Penalty to Cameron Gaunce for Hooking.
4:55 of 2nd period - Nick Spaling wins face-off versus Brian Boyle in Diablos zone.
4:55 of 2nd period - Nick Spaling is hit by Brandon Kozun.
5:21 of 2nd period - Corey Trivino is hit by William Carrier.
6:26 of 2nd period - Corey Trivino is hit by Luke Adam.
6:46 of 2nd period - Slapshot by Matt Corrente.
6:46 of 2nd period - Goal by Matt Corrente - Diablos : 2 - Ice Dragons : 2.
6:47 of 2nd period - Brian Boyle wins face-off versus Corey Trivino in neutral zone.
6:58 of 2nd period - Slapshot by Brian Dumoulin.
6:58 of 2nd period - Shot Blocked by Brandon Kozun.
7:38 of 2nd period - Brian Dumoulin is hit by Alec Martinez and loses puck.
8:05 of 2nd period - Michael Chaput is hit by Jason Akeson and loses puck.
8:12 of 2nd period - Snap shot by Jason Akeson.
8:12 of 2nd period - Shot Misses the Net.
8:14 of 2nd period - Wrist shot by Jason Akeson.
8:14 of 2nd period - Shot Misses the Net.
8:36 of 2nd period - Snap shot by Lars Eller.
8:36 of 2nd period - Shot Misses the Net.
8:46 of 2nd period - Nick Spaling is hit by Matt Corrente and loses puck.
8:59 of 2nd period - Backhand shot by Matt Corrente.
8:59 of 2nd period - Deflect By Chris Wagner.
8:59 of 2nd period - Stopped by Andrew Hammond without a rebound.
9:00 of 2nd period - Brian Boyle wins face-off versus Corey Trivino in Diablos zone.
9:54 of 2nd period - Sam Carrick is hit by Peter Holland and loses puck.
10:59 of 2nd period - Minor Penalty to Danny Kristo for Hooking.
11:00 of 2nd period - Corey Trivino wins face-off versus Brian Boyle in Diablos zone.
11:09 of 2nd period - Snap shot by Nick Spaling.
11:09 of 2nd period - Stopped by Anders Nilsson without a rebound.
11:10 of 2nd period - Brian Boyle wins face-off versus Corey Trivino in Ice Dragons zone.
11:29 of 2nd period - Slapshot by Brian Boyle.
11:29 of 2nd period - Stopped by Andrew Hammond with a rebound.
11:31 of 2nd period - Slapshot by Matt Corrente.
11:31 of 2nd period - Shot Hit the Post.
11:33 of 2nd period - Slapshot by Matt Corrente.
11:33 of 2nd period - Goal by Matt Corrente - Diablos : 2 - Ice Dragons : 3.
11:34 of 2nd period - Brian Boyle wins face-off versus Lars Eller in neutral zone.
11:45 of 2nd period - Snap shot by Jason Akeson.
11:45 of 2nd period - Shot Misses the Net.
11:47 of 2nd period - Snap shot by Jason Akeson.
11:47 of 2nd period - Stopped by Anders Nilsson without a rebound.
11:48 of 2nd period - Brian Boyle wins face-off versus Corey Trivino in Ice Dragons zone.
12:13 of 2nd period - William Carrier is hit by Jason Akeson and loses puck.
12:34 of 2nd period - Slapshot by Michael Chaput.
12:34 of 2nd period - Shot Misses the Net.
12:36 of 2nd period - Snap shot by Michael Chaput.
12:36 of 2nd period - Stopped by Andrew Hammond without a rebound.
12:37 of 2nd period - Marek Zagrapan wins face-off versus Brian Boyle in Diablos zone.
12:43 of 2nd period - Wrist shot by Alec Martinez.
12:43 of 2nd period - Stopped by Andrew Hammond without a rebound.
12:44 of 2nd period - Brian Boyle wins face-off versus Lars Eller in Diablos zone.
13:12 of 2nd period - Snap shot by Bryan Bickell.
13:12 of 2nd period - Shot Misses the Net.
13:14 of 2nd period - Slapshot by Cameron Gaunce.
13:14 of 2nd period - Shot Blocked by Alec Martinez.
13:18 of 2nd period - Slapshot by Jordan Szwarz.
13:18 of 2nd period - Stopped by Anders Nilsson with a rebound.
13:38 of 2nd period - Wrist shot by Michael Chaput.
13:38 of 2nd period - Shot Misses the Net.
13:40 of 2nd period - Minor Penalty to Marek Zagrapan for Hooking.
13:41 of 2nd period - Brian Boyle wins face-off versus Corey Trivino in Diablos zone.
14:06 of 2nd period - Brayden McNabb is hit by Cameron Gaunce and loses puck.
14:49 of 2nd period - Slapshot by Jason Akeson.
14:49 of 2nd period - Deflect By Matt Corrente.
14:49 of 2nd period - Stopped by Anders Nilsson with a rebound.
15:29 of 2nd period - Snap shot by Peter Holland.
15:29 of 2nd period - Goal by Peter Holland - Diablos : 3 - Ice Dragons : 3.
15:30 of 2nd period - Luke Adam wins face-off versus Corey Trivino in neutral zone.
15:37 of 2nd period - Wrist shot by Luke Adam.
15:37 of 2nd period - Shot Misses the Net.
15:39 of 2nd period - Slapshot by Matt Corrente.
15:39 of 2nd period - Shot Hit the Post.
15:40 of 2nd period - Penalty to Marek Zagrapan is over, Marek Zagrapan is back on ice.
15:41 of 2nd period - Slapshot by Alec Martinez.
15:41 of 2nd period - Shot Misses the Net.
15:53 of 2nd period - Icing by Cameron Gaunce.
15:54 of 2nd period - Corey Trivino wins face-off versus Brian Boyle in Diablos zone.
16:01 of 2nd period - Brandon Kozun is hit by Brian Dumoulin and loses puck.
16:12 of 2nd period - Snap shot by Nick Spaling.
16:12 of 2nd period - Shot Blocked by David Rundblad.
16:14 of 2nd period - Snap shot by Corey Trivino.
16:14 of 2nd period - Shot Blocked by David Rundblad.
16:16 of 2nd period - Slapshot by Alex Petrovic.
16:16 of 2nd period - Stopped by Anders Nilsson without a rebound.
16:17 of 2nd period - Luke Adam wins face-off versus Peter Holland in Ice Dragons zone.
16:17 of 2nd period - Luke Adam is hit by Sergey Tolchinsky.
16:28 of 2nd period - Off-side.
16:29 of 2nd period - Marek Zagrapan wins face-off versus Brian Boyle in neutral zone.
16:54 of 2nd period - Cameron Gaunce is hit by Justin Shugg and loses puck.
16:59 of 2nd period - Snap shot by Luke Adam.
16:59 of 2nd period - Stopped by Andrew Hammond with a rebound.
17:01 of 2nd period - Slapshot by David Rundblad.
17:01 of 2nd period - Stopped by Andrew Hammond without a rebound.
17:02 of 2nd period - Luke Adam wins face-off versus Bryan Bickell in Diablos zone.
17:13 of 2nd period - Snap shot by William Carrier.
17:13 of 2nd period - Stopped by Andrew Hammond without a rebound.
17:14 of 2nd period - Brian Boyle wins face-off versus Lars Eller in Diablos zone.
17:46 of 2nd period - Icing by Luke Adam.
17:47 of 2nd period - Corey Trivino wins face-off versus Luke Adam in Ice Dragons zone.
18:46 of 2nd period - Wrist shot by Corey Trivino.
18:46 of 2nd period - Goal by Corey Trivino - Diablos : 4 - Ice Dragons : 3.
18:47 of 2nd period - Lars Eller wins face-off versus Logan MacMillan in neutral zone.
18:55 of 2nd period - Off-side.
18:56 of 2nd period - Brian Boyle wins face-off versus Lars Eller in neutral zone.
18:58 of 2nd period - Minor Penalty to Logan MacMillan for Roughing.
18:59 of 2nd period - Jason Akeson wins face-off versus Brian Boyle in Ice Dragons zone.
19:26 of 2nd period - Luke Adam is hit by Brian Dumoulin and loses puck.
19:35 of 2nd period - Snap shot by Corey Trivino.
19:35 of 2nd period - Deflect By Jordan Szwarz.
19:35 of 2nd period - Stopped by Anders Nilsson without a rebound.
19:36 of 2nd period - Lars Eller wins face-off versus Brian Boyle in Ice Dragons zone.
19:37 of 2nd period - Slapshot by Nick Spaling.
19:37 of 2nd period - Shot Misses the Net.
Goals for this period are 2 for Diablos vs 3 for Ice Dragons.
Shots for this period are 13 for Diablos vs 14 for Ice Dragons.
3rd period
0:01 of 3rd period - Brian Boyle wins face-off versus Lars Eller in neutral zone.
0:08 of 3rd period - Snap shot by Matt Corrente.
0:08 of 3rd period - Stopped by Andrew Hammond with a rebound.
0:26 of 3rd period - Luke Adam is hit by Jordan Szwarz and loses puck.
0:58 of 3rd period - Penalty to Logan MacMillan is over, Logan MacMillan is back on ice.
1:40 of 3rd period - Off-side.
1:41 of 3rd period - Sam Carrick wins face-off versus Corey Trivino in neutral zone.
1:44 of 3rd period - Snap shot by Brian Boyle.
1:44 of 3rd period - Goal by Brian Boyle - Diablos : 4 - Ice Dragons : 4.
1:45 of 3rd period - Brian Boyle wins face-off versus Lars Eller in neutral zone.
2:03 of 3rd period - Icing by Brian Dumoulin.
2:04 of 3rd period - Lars Eller wins face-off versus Luke Adam in Diablos zone.
3:28 of 3rd period - Wrist shot by Brandon Kozun.
3:28 of 3rd period - Shot Misses the Net.
4:30 of 3rd period - Wrist shot by Nick Spaling.
4:30 of 3rd period - Shot Misses the Net.
4:44 of 3rd period - Logan MacMillan is hit by Nick Spaling.
6:18 of 3rd period - Wrist shot by Brandon Kozun.
6:18 of 3rd period - Shot Misses the Net.
6:24 of 3rd period - Brandon Kozun is hit by Brian Dumoulin and loses puck.
6:45 of 3rd period - Wrist shot by Brandon Kozun.
6:45 of 3rd period - Stopped by Andrew Hammond with a rebound.
7:34 of 3rd period - Cameron Gaunce is hit by Logan MacMillan and loses puck.
7:57 of 3rd period - Slapshot by Lars Eller.
7:57 of 3rd period - Shot Misses the Net.
7:59 of 3rd period - Slapshot by Nick Spaling.
7:59 of 3rd period - Stopped by Anders Nilsson without a rebound.
8:00 of 3rd period - Corey Trivino wins face-off versus Luke Adam in Ice Dragons zone.
8:11 of 3rd period - Snap shot by Jordan Szwarz.
8:11 of 3rd period - Stopped by Anders Nilsson without a rebound.
8:12 of 3rd period - Corey Trivino wins face-off versus Luke Adam in Ice Dragons zone.
8:23 of 3rd period - Snap shot by Jordan Szwarz.
8:23 of 3rd period - Shot Blocked by William Carrier.
8:39 of 3rd period - Philip Larsen is hit by Chris Wagner.
8:59 of 3rd period - Snap shot by Marek Zagrapan.
8:59 of 3rd period - Stopped by Anders Nilsson with a rebound.
10:11 of 3rd period - Sergey Tolchinsky is hit by Michael Ferland and loses puck.
10:24 of 3rd period - William Carrier is hit by Bryan Bickell and loses puck.
12:09 of 3rd period - Alec Martinez is hit by Alex Petrovic and loses puck.
12:54 of 3rd period - Icing by Michael Stone.
12:55 of 3rd period - Emil Pettersson wins face-off versus Tyler Pitlick in Ice Dragons zone.
14:30 of 3rd period - Matt Corrente is hit by Philip Larsen and loses puck.
16:12 of 3rd period - Icing by Kevin Connauton.
16:13 of 3rd period - Tyler Pitlick wins face-off versus Michael Chaput in Ice Dragons zone.
16:38 of 3rd period - Alex Petrovic is hit by Sam Carrick.
16:39 of 3rd period - Icing by Alex Petrovic.
16:40 of 3rd period - Emil Pettersson wins face-off versus Corey Trivino in Diablos zone.
17:27 of 3rd period - Slapshot by Matt Corrente.
17:27 of 3rd period - Stopped by Andrew Hammond with a rebound.
17:43 of 3rd period - Snap shot by Danny Kristo.
17:43 of 3rd period - Shot Hit the Post.
18:09 of 3rd period - Justin Shugg is hit by Tyler Lewington and loses puck.
18:28 of 3rd period - Brayden McNabb is hit by Danny Kristo and loses puck.
Goals for this period are 0 for Diablos vs 1 for Ice Dragons.
Shots for this period are 3 for Diablos vs 4 for Ice Dragons.
Overtime #1
0:01 of 1st overtime period - Brian Boyle wins face-off versus Marek Zagrapan in neutral zone.
0:08 of 1st overtime period - Slapshot by Alec Martinez.
0:08 of 1st overtime period - Deflect By Brian Boyle.
0:08 of 1st overtime period - Stopped by Andrew Hammond with a rebound.
0:10 of 1st overtime period - Snap shot by Brian Boyle.
0:10 of 1st overtime period - Deflect By Marek Zagrapan.
0:10 of 1st overtime period - Stopped by Andrew Hammond without a rebound.
0:11 of 1st overtime period - Brian Boyle wins face-off versus Marek Zagrapan in Diablos zone.
0:18 of 1st overtime period - Snap shot by Luke Adam.
0:18 of 1st overtime period - Stopped by Andrew Hammond with a rebound.
0:20 of 1st overtime period - Slapshot by Luke Adam.
0:20 of 1st overtime period - Shot Misses the Net.
0:22 of 1st overtime period - Wrist shot by Brian Boyle.
0:22 of 1st overtime period - Shot Blocked by Alex Petrovic.
0:24 of 1st overtime period - Snap shot by Luke Adam.
0:24 of 1st overtime period - Stopped by Andrew Hammond with a rebound.
0:54 of 1st overtime period - Snap shot by Michael Chaput.
0:54 of 1st overtime period - Shot Blocked by Alex Petrovic.
1:00 of 1st overtime period - Snap shot by Lars Eller.
1:00 of 1st overtime period - Goal by Lars Eller - Diablos : 5 - Ice Dragons : 4.
Goals for this period are 1 for Diablos vs 0 for Ice Dragons.
Shots for this period are 1 for Diablos vs 4 for Ice Dragons.
Back to the Top